 Dungeon Crawl Stone Soup version 0.28.0 (webtiles) character file.

Game seed: 1889346696476518041

3197 hawla the Cruncher (level 9, -10/100 HPs)
             Began as a Red Draconian Conjurer on Feb 4, 2022.
             Was an Initiate of Vehumet.
             Mangled by a death yak (12 damage)
             ... on level 8 of the Dungeon on Feb 6, 2022.
             The game lasted 00:30:18 (10393 turns).

hawla the Cruncher (Red Draconian Conjurer)        Turns: 10393, Time: 00:30:18

Health: -10/100    AC: 10    Str: 10 (11) XL:     9   Next: 64%
Magic:  2/15       EV: 10    Int: 23      God:    Vehumet [......]
Gold:   423        SH:  7    Dex:  9 (10) Spells: 9/16 levels left

rFire   + . .      SeeInvis +   t - +8 dagger of Cowardice {freeze, Str+2 SInv}
rCold   . . .      Faith    .   l - +1 kite shield {rN+}
rNeg    + . .      Spirit   .   (armour unavailable)
rPois   .          Reflect  .   (helmet restricted)
rElec   .          Harm     .   e - +0 cloak
rCorr   .          Rampage  .   a - +0 pair of gloves
Will    .....                   q - +0 pair of boots
Stlth   ..........              (no amulet)
HPRegen 0.26/turn               (no ring)
MPRegen 0.14/turn               (no ring)

@: berserking, unable to read, very quick
A: breathe fire, AC +7, unfitting armour, fire resistance 1, cold-blooded,
inability to read while threatened
a: Breathe Fire, Renounce Religion


You were on level 8 of the Dungeon.
You worshipped Vehumet.
Vehumet was noncommittal.
You visited 2 branches of the dungeon, and saw 10 of its levels.

You collected 495 gold pieces.
You spent 72 gold pieces at shops.

Inventory:

Hand Weapons
 f - a +2 quarterstaff of freezing
 g - a +0 flail of holy wrath
 t - the +8 dagger of Cowardice (weapon) {freeze, Str+2 SInv}
   (You took it off an orc on level 7 of the Dungeon)

   It freezes those it strikes, dealing additional cold damage.
   It can also slow down cold-blooded creatures.
   Str:       It affects your strength (+2).
   SInv:      It lets you see invisible.
Missiles
 b - 24 poisoned darts (quivered)
 r - 2 boomerangs
Armour
 a - a +0 pair of gloves (worn)
 e - a +0 cloak (worn)
 l - a +1 kite shield of positive energy (worn)
 q - a +0 pair of boots (worn)
Jewellery
 u - an amulet of guardian spirit
Wands
 h - a wand of paralysis (8)
 i - a wand of iceblast (10)
 s - a wand of flame (24)
Scrolls
 c - a scroll of teleportation
 o - 4 scrolls of blinking {unknown}
 p - a scroll of identify
Potions
 d - 3 potions of degeneration
 j - a potion of berserk rage
 k - 2 potions of flight
 m - a potion of haste


   Skills:
 - Level 2.0 Fighting
 + Level 7.3 Short Blades
 - Level 9.0 Staves
 - Level 1.7 Dodging
 - Level 1.7 Stealth
 + Level 0.0 Shields
 + Level 4.0 Spellcasting
 + Level 6.0 Conjurations
 - Level 3.0 Translocations


You had 9 spell levels left.
You knew the following spells:

 Your Spells              Type           Power      Damage    Failure   Level
a - Magic Dart            Conj           100%       1d8       3%          1
b - Searing Ray           Conj           64%        2d6       4%          2
c - Iskenderun's Mystic   Conj/Tloc      25%        2d7       52%         4

Your spell library contained the following spells:

 Spells                   Type           Power      Damage    Failure   Level
 Dazzling Flash           Conj/Hex       36%        N/A       32%         3
 Ensorcelled Hibernation  Hex/Ice        8%         N/A       50%         2
 Passwall                 Tmut/Erth      3%         N/A       50%         2
 Fulminant Prism          Conj/Hex       9%         3d7       73%         4
 Swiftness                Air            4%         N/A       75%         3


Dungeon Overview and Level Annotations

Branches:
Dungeon (9/15)             Temple (1/1) D:7
   Lair: D:8-11         Orc: D:9-12

Altars:
Ashenzari
Cheibriados
Dithmenos
Elyvilon
Fedhas
Gozag
Hepliaklqana
Kikubaaqudgha
Makhleb
Nemelex Xobeh
Okawaru
Qazlal
Ru
Sif Muna
Trog
Uskayaw
Vehumet
Wu Jian
Xom
Yredelemnul
Zin
The Shining One

Shops:
D:3 *   D:7 *


Innate Abilities, Weirdness & Mutations

You can breathe blasts of fire.
Your fiery red scales are hard. (AC +7)
You cannot fit into any form of body armour.
Your flesh is heat resistant. (rF+)
You are cold-blooded and may be slowed by cold attacks.
You sometimes lose the ability to read scrolls when taking damage.


Message History

The death yak is heavily wounded.
The death yak gores you!
You feel threatened and lose the ability to read scrolls!
The searing ray hits the death yak.
The death yak is heavily wounded.
You finish channelling your searing ray.
You block the death yak's attack.
You completely miss the death yak.
You tail-slap the death yak, but do no damage.
The death yak is heavily wounded.
The death yak gores you but does no damage.
You hit the death yak. You freeze the death yak.
The death yak is heavily wounded.
You can read scrolls again.
You hit the death yak. You freeze the death yak.
The death yak is heavily wounded.
The death yak gores you!
You feel threatened and lose the ability to read scrolls!
You can read scrolls again.
The death yak snorts and paws the ground.
The death yak barely misses you.
Casting: Searing Ray (safe; 4% risk of failure)
Confirm with . or Enter, or press ? or * to list all spells.
Aiming: Searing Ray (safe; 4% risk of failure)
Press: ? - help, Shift-Dir - straight line, f/p - death yak
Aim: a death yak (heavily wounded, 93% to hit)
The searing ray hits the death yak.
The death yak is heavily wounded. (Press . to maintain the ray.)
The death yak gores you!
You feel threatened and lose the ability to read scrolls!
* * * LOW HITPOINT WARNING * * *
A red film seems to cover your vision as you go berserk!
You feel yourself moving faster!
You feel mighty! The death yak gores you!!
* * * LOW HITPOINT WARNING * * *
You puncture the death yak! You freeze the death yak.
Your tail-slap misses the death yak.
The death yak is heavily wounded.
The death yak gores you!
You die...

#..#.# #.... #..#.#
#####
##########..#.#####..
#...................#
#.#########.#.#######
#.#######...)........
#......>.............
#.....##.##.########.
#...@Y..........# #.
#.....##.##..##.# #.
##...###(###.##.# #.
######.####.###.##.# #.
#............##.##.# #.
#.###..####...#########.
#.# #..# ##..#.......#.
#.###.## ###..#.###...##
#.....# #....#.#†#._...


You could see a death yak.

Vanquished Creatures
  An ugly thing (D:8)
  A wyvern (D:8)
  Edmund (D:4)
  A water moccasin (D:7)
  2 sky beasts
  An ice beast (D:7)
  2 black bears (D:6)
  An ogre (D:7)
  A phantom (D:7)
  A kobold brigand (D:6)
  2 bullfrogs (D:7)
  A gnoll sergeant (D:8)
  A scorpion (D:6)
  A wyvern skeleton (D:7)
  A water moccasin skeleton (D:6)
  5 killer bees (D:8)
  3 wights (D:8)
  3 electric eels (D:7)
  A howler monkey (D:6)
  A centaur zombie (D:8)
  3 orc priests
  Crazy Yiuf (D:4)
  2 hounds
  2 bullfrog skeletons (D:5)
  2 iguanas
  Jessica (D:3)
  Ijyb (D:5)
  5 orc wizards
  3 killer bee zombies
  15 gnolls
  11 adders
  A shadow imp (D:7)
  2 worms
  A dart slug (D:1)
  15 orcs
  9 ball pythons
  7 bats
  6 endoplasms
  6 giant cockroaches
  6 goblins
  4 hobgoblins
  A jackal (D:3)
  3 quokkas (D:3)
  2 frilled lizards (D:3)
  11 kobolds
  3 rats (D:1)
154 creatures vanquished.

Vanquished Creatures (others)
  A wizard (D:8)
1 creature vanquished.

Grand Total: 155 creatures vanquished

Notes
Turn   | Place    | Note
-------+----------+-------------------------------------------
     0 | D:1      | hawla the Draconian Conjurer began the quest for the Orb.
     0 | D:1      | Reached XP level 1. HP: 14/14 MP: 3/3
    56 | D:1      | Upgraded the game from 0.28-b1-70-g80dc712255 to 0.28.0
   333 | D:1      | Reached XP level 2. HP: 20/20 MP: 3/5
   337 | D:1      | Learned a level 2 spell: Searing Ray
   496 | D:1      | Reached skill level 1 in Translocations
   843 | D:1      | You fall into a shaft and drop 1 floor!
   852 | D:2      | Reached XP level 3. HP: 26/26 MP: 1/6
  1381 | D:2      | Reached XP level 4. HP: 22/33 MP: 4/8
  1386 | D:2      | Learned a level 4 spell: Iskenderun's Mystic Blast
  2081 | D:3      | Reached XP level 5. HP: 38/38 MP: 0/9
  2655 | D:3      | Found a faded altar of an unknown god.
  2684 | D:3      | Reached skill level 5 in Conjurations
  3106 | D:3      | Noticed Jessica
  3108 | D:3      | Killed Jessica
  3169 | D:3      | Found Besatzak's Assorted Antiques.
  3393 | D:3      | Bought a scroll labelled CODOSCH FUESO for 24 gold pieces
  3393 | D:3      | Bought a scroll labelled FOURHI KOZE for 24 gold pieces
  3393 | D:3      | Bought a scroll labelled SYEXOCH JAPHOJ for 24 gold pieces
  3976 | D:4      | Found a runed translucent door.
  3977 | D:4      | Noticed Crazy Yiuf
  4320 | D:4      | Reached XP level 6. HP: 22/45 MP: 7/11
  4648 | D:4      | Killed Crazy Yiuf
  4904 | D:5      | Entered Level 5 of the Dungeon
  4926 | D:5      | Noticed a sky beast
  4929 | D:5      | Noticed Edmund
  4938 | D:5      | Noticed Ijyb
  5104 | D:4      | Killed Edmund
  5105 | D:4      | Reached skill level 1 in Fighting
  5105 | D:4      | Reached skill level 1 in Staves
  5278 | D:5      | Killed Ijyb
  5290 | D:5      | Killed a sky beast
  5291 | D:5      | Reached skill level 2 in Staves
  5291 | D:5      | Your scales start taking on a fiery red colour.
  5291 | D:5      | Reached XP level 7. HP: 26/55 MP: 2/13
  5291 | D:5      | Gained mutation: Your flesh is heat resistant. (rF+) [Red
                  | Draconian growth]
  5456 | D:5      | Reached skill level 3 in Staves
  6025 | D:6      | Reached skill level 4 in Staves
  6137 | D:6      | Reached skill level 5 in Staves
  6307 | D:6      | Reached XP level 8. HP: 35/61 MP: 7/14
  6420 | D:6      | Reached skill level 6 in Staves
  6868 | D:7      | Reached skill level 7 in Staves
  6942 | D:7      | Found Yheasot's Gadget Gallery.
  6973 | D:7      | Identified the +0 chain mail of Lies {Str+3 SInv}
  7186 | D:7      | Reached skill level 8 in Staves
  7770 | D:7      | Identified the +8 dagger of Cowardice {freeze, Str+2 SInv}
  7783 | D:7      | Reached skill level 9 in Staves
  7901 | D:7      | Found a staircase to the Ecumenical Temple.
  7916 | D:7      | Reached skill level 1 in Short Blades
  7917 | D:7      | Reached XP level 9. HP: 53/67 MP: 1/15
  7924 | Temple   | Entered the Ecumenical Temple
  8261 | Temple   | Became a worshipper of Vehumet
  8881 | D:8      | Gained mutation: You have hidden genetic defects. [potion
                  | of mutation]
  8881 | D:8      | Gained mutation: You are frail. (-10% HP) [potion of
                  | mutation]
  8882 | D:8      | Lost mutation: You are frail. (-10% HP) [potion of
                  | mutation]
  8882 | D:8      | Lost mutation: You have hidden genetic defects. [potion of
                  | mutation]
  8882 | D:8      | Gained mutation: You sometimes lose the ability to read
                  | scrolls when taking damage. [potion of mutation]
  9028 | D:8      | HP: 5/100 [poisoned by a killer bee]
  9030 | D:8      | HP: 2/100 [poisoned by a killer bee]
  9361 | D:8      | Reached skill level 5 in Short Blades
  9496 | D:8      | Noticed a red ugly thing
  9511 | D:8      | Killed a red ugly thing
 10237 | D:8      | Found a bloodstained altar of Trog.
 10241 | D:8      | Noticed a wizard
 10245 | D:8      | Killed a wizard
 10353 | D:9      | Noticed a death yak
 10353 | D:9      | Noticed a death yak
 10360 | D:9      | Noticed a death yak
 10392 | D:8      | HP: 2/100 [death yak (22)]
 10393 | D:8      | Mangled by a death yak

Illustrated notes

Levels and vault maps discovered:
D:1:      dpeg_arrival_simpleton_c, layout_rooms
D:2:      layout_rooms
D:3:      kennysheep_six_static_rooms, layout_basic, serial_shops, shop,
          hellmonk_ecumenical_altar_heavens_door, uniq_jessica
D:4:      layout_loops_ring, uniq_crazy_yiuf_cottage
D:5:      layout_rooms, uniq_edmund, uniq_ijyb
D:6:      layout_cave_pools, minmay_holes
D:7:      statuecave_lemuel, layout_loops_ring, minmay_temple_entry_glass,
          nicolae_shop_gadgets
D:8:      layout_loops_ring, trog_wizard
D:9:      layout_loops_ring, dpeg_lair_monsters
Temple:   mainiacjoe_temple_hex_bubbles

Skill      XL: |  1  2  3  4  5  6  7  8  9 |
---------------+----------------------------+-----
Translocations | 1 2 3 |  3.0
Spellcasting   | 3 4 |  4.0
Conjurations   | 5 6 |  6.0
Fighting       | 2 |  2.0
Staves         | 2 5 9 |  9.0
Short Blades   | 2 7 |  7.3
Dodging        | |  1.7
Stealth        | |  1.7

Action                   |  1- 3 |  4- 6 |  7- 9 || total
-------------------------+-------+-------+-------++-------
Melee: Unarmed           |    20 |       |       ||    20
       Tailslap          |     1 |     7 |    16 ||    24
       Whip              |     2 |    47 |       ||    49
       Quarterstaff      |       |    27 |    86 ||   113
       Dagger            |       |       |    65 ||    65
Throw: Dart              |       |       |    10 ||    10
 Cast: Magic Dart        |    45 |    12 |     7 ||    64
       Searing Ray       |     6 |    38 |    36 ||    80
       Iskenderun's Myst |       |     5 |    15 ||    20
 Abil: Breathe Fire      |       |       |     5 ||     5
Evoke: Wand              |       |       |     1 ||     1
  Use: Scroll            |     1 |     7 |     6 ||    14
       Potion            |       |     2 |     8 ||    10
 Stab: Sleeping          |       |       |     1 ||     1
Armor: Skin              |    15 |    32 |   120 ||   167
Dodge: Dodged            |    31 |    81 |   136 ||   248
Block: Kite shield       |       |       |     2 ||     2
